 Dungeon Crawl Stone Soup version 0.21.1-1-g345015f (webtiles) character file.

124084 Leszczynek the Bringer of Light (level 16, -6/149 HPs)
             Began as a Hill Orc Fighter on June 12, 2018.
             Was the Champion of the Shining One.
             Killed from afar by a deep troll earth mage (7 damage)
             ... with a blast of rock fragments
             ... on level 3 of the Depths.
             The game lasted 01:32:58 (30419 turns).

Leszczynek the Bringer of Light (Hill Orc Fighter) Turns: 30419, Time: 01:33:00

Health: -6/149     AC: 19    Str: 27    XL:     16   Next: 92%
Magic:  21/29      EV: 13    Int: 12    God:    the Shining One [******]
Gold:   683        SH: 27    Dex:  9    Spells: 7/15 levels left

rFire    + + .     SeeInvis .   a - +4 broad axe (holy)
rCold    . . .     Gourm    .   c - +0 shield
rNeg     + + +     Faith    .   x - +0 acid dragon scales
rPois    +         Spirit   .   I - +1 helmet
rElec    +         Reflect  .   b - +2 cloak
rCorr    +         Harm     .   r - +0 pair of gloves
MR       ++...                  E - +2 pair of boots
Stlth    +.........             L - amulet of rage
HPRegen  0.34/turn              e - ring "Wuhetet" {Fire Str+2 Int+4 Stlth+}
MPRegen  0.21/turn              P - ring of protection from magic

@: divine shield, about to teleport, resistant, berserk cooldown, starving,
hasted and slowed, glowing
A: clumsy 1
a: Divine Shield, Cleansing Flame, Summon Divine Warrior, Renounce Religion,
Evoke Berserk Rage


You were on level 3 of the Depths.
You worshipped the Shining One.
The Shining One was exalted by your worship.
You were starving.

You visited 3 branches of the dungeon, and saw 19 of its levels.
You also visited: Sewer and Ice Cave.

You collected 1256 gold pieces.
You spent 573 gold pieces at shops.

Inventory:

Hand Weapons
 a - a +4 broad axe of holy wrath (weapon)
Missiles
 t - a throwing net
 v - 13 curare-tipped needles
 J - 8 javelins (quivered)
 K - 13 tomahawks
Armour
 b - a +2 cloak (worn)
 c - a +0 shield (worn)
 r - a +0 pair of gloves (worn)
 x - +0 acid dragon scales (worn)
 y - the +1 scale mail of the Worm {rPois Dex+3}
   (You found it on level 4 of the Dungeon)

   It affects your dexterity (+3).
   It protects you from poison.
 D - a +1 chain mail of poison resistance
 E - a +2 pair of boots (worn)
 I - a +1 helmet (worn)
Jewellery
 e - the ring "Wuhetet" (left hand) {Fire Str+2 Int+4 Stlth+}
   (You bought it in a shop on level 13 of the Dungeon)

   [ring of fire]

   It enhances your fire magic.
   It affects your strength (+2).
   It affects your intelligence (+4).
   It protects you from fire.
   It makes you vulnerable to cold.
   It makes you more stealthy.
 m - an uncursed ring of protection from cold
 q - an uncursed ring of protection from cold
 A - an uncursed ring of fire
 L - an amulet of rage (around neck)
 P - a ring of protection from magic (right hand)
 W - an uncursed ring of protection from magic
 X - an uncursed amulet of regeneration
Wands
 l - a wand of digging (9)
 H - a wand of acid (14)
 M - a wand of paralysis (16)
 V - a wand of polymorph (25)
 Y - a wand of iceblast (7)
Scrolls
 i - 4 scrolls of remove curse {@r2}
 n - 6 scrolls of teleportation
 w - 2 scrolls of blinking
 B - 3 scrolls of immolation {!r}
 F - 4 scrolls of magic mapping
 N - a scroll of torment {unknown}
 O - a scroll of fog
 R - a scroll of acquirement {unknown}
 S - a scroll of silence {!r}
 U - a scroll of vulnerability {!r}
Potions
 f - 4 potions of might
 g - 2 potions of cancellation {unknown}
 h - 5 potions of curing {@q1}
 j - 2 potions of ambrosia
 k - 2 potions of mutation {!q}
 o - a potion of berserk rage {unknown}
 p - 2 potions of flight
 s - 3 potions of resistance
 u - 3 potions of lignification {!q}
 z - 5 potions of agility
 C - 3 potions of heal wounds {@q2}
 G - a potion of invisibility {unknown}
 Q - 3 potions of brilliance
 T - 4 potions of haste
Comestibles
 d - 15 rations


   Skills:
 - Level 15.4 Fighting
 - Level 18.0 Axes
 - Level 10.7 Armour
 + Level 5.8 Dodging
 - Level 13.4 Shields
 - Level 18.9 Invocations


You had 7 spell levels left.
You knew the following spells:

 Your Spells              Type           Power        Failure   Level  Hunger
a - Spectral Weapon       Hex/Chrm       #.......     80%         3    ####...
b - Song of Slaying       Chrm           #.......     56%         2    ###....
c - Summon Butterflies    Summ           #.......     43%         1    ##.....
P - Swiftness             Chrm/Air       #.......     56%         2    ###....


Dungeon Overview and Level Annotations

Branches:
Dungeon (15/15)            Temple (1/1) D:6            Lair (0/6) D:8
    Orc (0/2) D:12         Vaults (0/5) D:14         Depths (3/5) D:15

Altars:
Ashenzari
Cheibriados
Dithmenos
Elyvilon
Fedhas
Gozag
Hepliaklqana
Kikubaaqudgha
Makhleb
Nemelex Xobeh
Okawaru
Qazlal
Ru
Sif Muna
Trog
Uskayaw
Vehumet
Wu Jian
Xom
Yredelemnul
Zin
The Shining One

Shops:
D:4 *   D:11 }(%*   D:13 *

Portals:
Hell: Depths:1 Depths:2 Depths:3
Pandemonium: Depths:1

Annotations:
D:3 (ego chain mail)
D:11 7h
Depths:1 flight vault, 3 iron dragons inside, natural corridor
Depths:2 funny vault


Innate Abilities, Weirdness & Mutations

You are clumsy. (Dex -2)


Message History

* * * LOW HITPOINT WARNING * * *
You hear an angry hiss.
A spriggan air mage comes into view.
As you read the scroll of teleportation, it crumbles to dust.
You feel strangely unstable. The lich casts a spell at you.
The bolt of lightning hits your daeva. The bolt of lightning hits you!
You resist.
* * * LOW HITPOINT WARNING * * *
The sphinx mumbles some strange words.
Something smites you!
* * * LOW HITPOINT WARNING * * *
Your daeva blocks the spriggan air mage's attack.
Your daeva calls down the wrath of the Shining One upon the lich.
The lich is smitten.
The deep troll earth mage casts a spell past your daeva.
The wall shatters!
The blast of rock fragments hits your daeva.
The blast of rock fragments hits you!
You die...

#.#.#.#.#.#.#.#.#.#.#.#.#.#.#.##
...............................#
########.8.#############.8.##.##
######.#.#.#.#.#######..#
..#..........(#...#..##
iL#.##.8.##.#'.(.##..#
#..#######.)#####..##
##.)#$.)#..#######..#
#..#A@[.##..#####..##
+#Hi#####..#'...##..# #.T##
##..#...#..## ##.. #..#######..#
#.# ##)##.8.##.## ...
#..)........# #.# ##.#.#.#.#.##
### ###########


You could see a sphinx, a lich, 2 spriggan air magi, a deep troll earth mage and
a friendly daeva.

Vanquished Creatures
  A golden dragon (Depths:3)
  A sphinx (Depths:1)
  A storm dragon (Depths:2)
  A fire giant (Depths:3)
  A frost giant (Depths:2)
  An iron dragon (Depths:1)
  7 stone giants
  8 very ugly things (Depths:2)
  4 ettins
  A blizzard demon (Depths:1)
  2 fire dragons
  3 yaktaur captains
  2 rakshasas
  A great orb of eyes (Depths:1)
  4 vault guards
  Erolcha (D:9)
  4 ice dragons
  A hydra (D:15)
  A hell beast (Depths:2)
  Erica (D:9)
  4 centaur warriors
  12 two-headed ogres
  2 tengu warriors
  2 ogre magi
  2 deep troll earth magi (Depths:2)
  5 deep troll shamans
  A spriggan berserker (Depths:3)
  2 deep elf knights (D:14)
  A soul eater (Depths:2)
  6 hell knights
  2 iron trolls
  A gelid demonspawn (D:15)
  4 skeletal warriors (D:11)
  2 unseen horrors
  10 deep trolls
  2 glowing orange brains
  An infernal demonspawn (Depths:1)
  Pikel (D:5)
  A wizard (Depths:2)
  2 necromancers (Depths:1)
  21 ugly things
  A wolf spider zombie (D:13)
  6 cyclopes
  A deep elf mage (D:13)
  Psyche (D:10)
  3 rust devils (Depths:1)
  The ghost of Theowulf the Skirmisher, a novice MiAK of Lugonu (D:4)
  2 ice statues (IceCv)
  A gargoyle (D:11)
  2 rime drakes (D:11)
  3 freezing wraiths (D:14)
  A kobold demonologist (D:14)
  8 ice devils (IceCv)
  8 yaktaurs
  A red devil (Depths:2)
  2 tengu conjurers (D:14)
  2 trolls
  3 meliai
  2 wolf spider simulacra (D:14)
  2 hornets (D:8)
  3 hippogriffs
  9 slime creatures
  Sigmund (D:5)
  A frost giant simulacrum (Depths:2)
  2 centaur simulacra (D:14)
  2 shadows
  A water elemental (Depths:2)
  A wraith (D:10)
  The ghost of YaKYVw9Xmp the Skirmisher, an amateur MiBe of Trog (D:3)
  A wyvern (D:13)
  A basilisk (D:14)
  38 yaks
  2 humans (shapeshifter)
  A basilisk (shapeshifter) (Depths:2)
  A hungry ghost (D:11)
  A neqoxec (Depths:1)
  4 vampire mosquitoes
  Menkaure (D:6)
  2 steam dragons
  3 soldier ants
  3 acid dragons
  A floating eye (Depths:2)
  5 porcupines (D:8)
  3 ice beasts
  2 sky beasts
  9 orc warriors
  A black bear (D:8)
  3 eyes of draining
  13 ogres
  3 phantoms
  11 centaurs
  2 crocodiles
  2 big kobolds
  14 bullfrogs
  A gnoll sergeant (D:6)
  A water moccasin skeleton (D:12)
  3 scorpions
  10 wights
  A vampire bat (D:4)
  2 howler monkeys
  6 crimson imps
  A bullfrog zombie (D:6)
  4 jellies
  4 centaur zombies
  4 centaur skeletons
  2 bullfrog skeletons
  12 hounds
  13 orc priests
  Crazy Yiuf (D:5)
  An iron imp (Depths:1)
  5 iguanas
  17 orc wizards
  12 worker ants
  A hound skeleton (D:5)
  15 adders
  24 gnolls
  3 shadow imps
  5 white imps (IceCv)
  9 ufetubi (IceCv)
  6 oozes (Sewer)
  3 adder skeletons
  A worm (D:2)
  A dart slug (D:1)
  3 fire bats (D:4)
  18 leopard geckos
  86 orcs
  2 spectral bats (D:4)
  15 ball pythons
  3 bat skeletons (D:4)
  A bat zombie (D:4)
  21 giant cockroaches
  7 hobgoblins
  26 jackals
  16 kobolds
  3 quokkas
  16 bats
  A bat simulacrum (D:4)
  18 frilled lizards
  10 goblins
  A jackal skeleton (D:4)
  2 quokka zombies
  17 rats
762 creatures vanquished.

Vanquished Creatures (collateral kills)
  A fire giant (Depths:3)
  A stone giant (Depths:1)
2 creatures vanquished.

Vanquished Creatures (others)
  A reaper (IceCv)
  2 white imps (IceCv)
  4 ufetubi (IceCv)
  3 fungi (D:5)
  12 plants (Depths:2)
22 creatures vanquished.

Grand Total: 786 creatures vanquished

Notes
Turn   | Place    | Note
-------+----------+-------------------------------------------
     0 | D:1      | Leszczynek the Hill Orc Fighter began the quest for the Orb.
     0 | D:1      | Reached XP level 1. HP: 19/19 MP: 1/1
     0 | D:1      | ha ha this will be so EASY
    47 | D:1      | Reached skill level 3 in Axes
    88 | D:1      | Reached XP level 2. HP: 24/26 MP: 2/2
   100 | D:1      | Reached skill level 4 in Axes
   503 | D:1      | Reached XP level 3. HP: 31/31 MP: 3/3
   629 | D:1      | Reached skill level 5 in Axes
   992 | D:2      | Found a basalt altar of Yredelemnul.
  1024 | D:2      | Reached XP level 4. HP: 37/39 MP: 4/4
  1271 | D:2      | Reached skill level 6 in Axes
  1694 | D:3      | Noticed YaKYVw9Xmp's ghost (amateur MiBe)
  1810 | D:3      | Found a sparkling altar of Nemelex Xobeh.
  1873 | D:3      | Found a transporter.
  1877 | D:3      | Found a transporter.
  1887 | D:3      | Noticed an ice beast
  1889 | D:3      | Reached XP level 5. HP: 46/46 MP: 5/5
  2147 | D:3      | Found an opulent altar of Gozag.
  2400 | D:3      | Reached skill level 4 in Fighting
  2421 | D:3      | Found a shattered altar of Ashenzari.
  2461 | D:3      | Reached skill level 7 in Axes
  2711 | D:4      | Found Afrinkyri's Assorted Antiques.
  2746 | D:4      | Bought a silvery potion for 24 gold pieces
  2746 | D:4      | Bought a scroll labeled HIMILIX JAGETU for 27 gold pieces
  2746 | D:4      | Bought a fuming blue potion for 24 gold pieces
  2757 | D:4      | Got an ichor-stained scale mail
  2768 | D:4      | Identified the +1 scale mail of the Worm {rPois Dex+3} (You found it on level 4 of the Dungeon)
  2941 | D:4      | Reached XP level 6. HP: 43/53 MP: 6/6
  3123 | D:4      | Found a glowing drain.
  3153 | Sewer    | Entered a sewer
  3316 | Sewer    | Reached skill level 8 in Axes
  3519 | Sewer    | Reached XP level 7. HP: 43/60 MP: 7/7
  3534 | Sewer    | Reached skill level 9 in Axes
  3705 | D:4      | Reached skill level 5 in Fighting
  3836 | D:4      | Reached skill level 6 in Fighting
  3918 | D:4      | Reached skill level 4 in Shields
  4503 | D:4      | Reached skill level 5 in Shields
  4503 | D:4      | Reached XP level 8. HP: 60/70 MP: 8/8
  4549 | D:4      | Found a stormy altar of Qazlal.
  4549 | D:4      | Noticed Theowulf's ghost (novice MiAK)
  4923 | D:5      | Entered Level 5 of the Dungeon
  4953 | D:5      | Reached skill level 4 in Armour
  5127 | D:5      | Reached skill level 10 in Axes
  5127 | D:5      | Reached skill level 1 in Dodging
  5321 | D:5      | Noticed Sigmund
  5342 | D:5      | Killed Sigmund
  5379 | D:5      | HP: 15/106 [steam dragon/ball of steam (18)]
  5383 | D:5      | Reached skill level 7 in Fighting
  5613 | D:5      | Reached skill level 2 in Dodging
  5776 | D:5      | Noticed Pikel
  5790 | D:5      | Killed Pikel
  5790 | D:5      | Reached skill level 11 in Axes
  5790 | D:5      | Reached XP level 9. HP: 73/81 MP: 9/9
  5794 | D:5      | and the rest in dex?
  5794 | D:5      | hm
  6093 | D:5      | Found a runed door.
  6097 | D:5      | Noticed Crazy Yiuf
  6102 | D:5      | Killed Crazy Yiuf
  6102 | D:5      | Reached skill level 8 in Fighting
  6250 | D:6      | Found an iron altar of Okawaru.
  6283 | D:6      | Reached skill level 12 in Axes
  6313 | D:6      | Found a staircase to the Ecumenical Temple.
  6318 | Temple   | Entered the Ecumenical Temple
  6352 | Temple   | Became a worshipper of the Shining One
  6415 | D:6      | Found a sacrificial altar of Ru.
  6416 | D:6      | wight pack right off the bat, very nice
  6445 | D:6      | Reached skill level 9 in Fighting
  6859 | D:6      | Reached skill level 10 in Fighting
  7081 | D:6      | Noticed Menkaure
  7120 | D:7      | Reached skill level 1 in Invocations
  7137 | D:7      | Reached * piety under the Shining One
  7201 | D:7      | Reached skill level 2 in Invocations
  7318 | D:7      | Found an ornate altar of the Wu Jian Council.
  7521 | D:7      | Found a hide-covered altar of Uskayaw.
  7637 | D:7      | Found a deep blue altar of Sif Muna.
  7923 | D:8      | Reached skill level 3 in Invocations
  7923 | D:8      | Reached XP level 10. HP: 62/93 MP: 10/12
  8147 | D:8      | Reached skill level 6 in Shields
  8151 | D:8      | Reached skill level 4 in Invocations
  8326 | D:3      | Reached skill level 13 in Axes
  8405 | D:3      | Killed YaKYVw9Xmp's ghost
  8588 | D:4      | Killed Theowulf's ghost
  8755 | D:6      | Found a burning altar of Makhleb.
  8857 | D:6      | Killed Menkaure
  8858 | D:6      | nice torments m8
  9468 | D:8      | Reached skill level 14 in Axes
  9918 | D:8      | Found a staircase to the Lair.
  9931 | D:8      | this will save my life twice then kill me on the third use
  9931 | D:8      | ("rage)
 10014 | D:8      | Reached skill level 11 in Fighting
 10486 | D:9      | Learned a level 3 spell: Spectral Weapon
 10489 | D:9      | Learned a level 2 spell: Song of Slaying
 10564 | D:9      | Reached ** piety under the Shining One
 10640 | D:9      | Reached XP level 11. HP: 101/102 MP: 14/14
 10656 | D:9      | Reached skill level 3 in Dodging
 10843 | D:9      | Noticed Erica
 10853 | D:9      | Killed Erica
 10853 | D:9      | Reached skill level 5 in Armour
 10853 | D:9      | Reached skill level 7 in Shields
 10858 | D:9      | You pass out from exhaustion.
 10952 | D:9      | Noticed Erolcha
 10965 | D:9      | Killed Erolcha
 11046 | D:9      | Found an ancient bone altar of Kikubaaqudgha.
 11166 | D:10     | Entered Level 10 of the Dungeon
 11228 | D:10     | Reached skill level 6 in Armour
 11228 | D:10     | Reached skill level 4 in Dodging
 11574 | D:10     | Reached skill level 8 in Shields
 11630 | D:10     | Noticed a two-headed ogre
 11651 | D:10     | Killed a two-headed ogre
 11711 | D:10     | Noticed Psyche
 11728 | D:10     | Killed Psyche
 12392 | D:10     | Got a bound platinum amulet
 12722 | D:11     | Found Xocoir's Weapon Shoppe.
 12722 | D:11     | Noticed a red ugly thing
 12739 | D:10     | Killed a red ugly thing
 12739 | D:10     | Reached skill level 12 in Fighting
 12891 | D:11     | Reached skill level 15 in Axes
 12946 | D:11     | Noticed a two-headed ogre
 12959 | D:11     | Killed a two-headed ogre
 12973 | D:11     | Reached skill level 9 in Shields
 13021 | D:11     | Reached XP level 12. HP: 111/112 MP: 15/15
 13071 | D:11     | Found a frozen archway.
 13082 | IceCv    | Entered an ice cave
 13083 | IceCv    | good find
 13099 | IceCv    | Reached *** piety under the Shining One
 13103 | IceCv    | D E M O N S
 13103 | IceCv    | ice cave?
 13103 | IceCv    | more like piety cave
 13166 | IceCv    | Reached skill level 5 in Invocations
 13181 | IceCv    | Killed a reaper
 13190 | IceCv    | Reached skill level 6 in Invocations
 13319 | IceCv    | Reached **** piety under the Shining One
 13357 | IceCv    | Reached skill level 7 in Invocations
 13504 | IceCv    | Identified the amulet of Interdependent Arising {Harm *Drain +Blink Dex+4 Stlth+} (You found it on level 10 of the Dungeon)
 13505 | IceCv    | ...
 13505 | IceCv    | no
 13641 | IceCv    | Reached skill level 8 in Invocations
 14072 | D:11     | Found Yfuisalo's Food Emporium.
 14088 | D:11     | Reached skill level 9 in Invocations
 14097 | D:11     | Found Porug's Assorted Antiques.
 14119 | D:11     | Bought a smoky black potion for 35 gold pieces
 14119 | D:11     | Bought a broad axe for 156 gold pieces
 14119 | D:11     | bingo
 14260 | D:11     | Reached skill level 10 in Invocations
 14262 | D:11     | Noticed a seven-headed hydra
 14444 | D:11     | Reached skill level 11 in Invocations
 14470 | D:11     | Found Soduc's Gadget Shop.
 14741 | D:11     | Noticed a two-headed ogre
 14754 | D:11     | Killed a two-headed ogre
 15069 | D:12     | Reached ***** piety under the Shining One
 15079 | D:12     | Reached skill level 12 in Invocations
 15431 | D:12     | Reached XP level 13. HP: 119/119 MP: 22/22
 15438 | D:12     | Found a staircase to the Orcish Mines.
 15502 | D:12     | Reached skill level 16 in Axes
 16234 | D:12     | Reached skill level 13 in Fighting
 16655 | D:13     | Reached skill level 17 in Axes
 17247 | D:13     | Found Uziaforr's Assorted Antiques.
 17255 | D:13     | Bought a warped silver ring for 115 gold pieces
 17255 | D:13     | Bought a pair of embroidered boots for 172 gold pieces
 17255 | D:13     | Bought a grey potion for 20 gold pieces
 17256 | D:13     | Identified the ring "Wuhetet" {Fire Str+2 Int+4 Stlth+} (You bought it in a shop on level 13 of the Dungeon)
 17991 | D:14     | Found a blossoming altar of Fedhas.
 18001 | D:14     | Reached skill level 7 in Armour
 18017 | D:14     | You pass out from exhaustion.
 18459 | D:14     | Reached skill level 10 in Shields
 18629 | D:14     | Reached skill level 18 in Axes
 18692 | D:14     | Reached skill level 8 in Armour
 18692 | D:14     | Reached XP level 14. HP: 129/129 MP: 23/23
 18740 | D:14     | Learned a level 1 spell: Summon Butterflies
 18755 | D:14     | hmmm
 18755 | D:14     | regen or rage
 18755 | D:14     | maybe rage for now, i'll think about it again in hell, if i get there
 19575 | D:14     | Reached skill level 11 in Shields
 19592 | D:14     | Reached skill level 9 in Armour
 19833 | D:14     | Reached skill level 14 in Fighting
 19940 | D:14     | Reached ****** piety under the Shining One
 19975 | D:14     | Identified the Collected Works on Fiery Air
 19980 | D:14     | Learned a level 2 spell: Swiftness
 20357 | D:14     | Found a gate to the Vaults.
 20434 | D:15     | Entered Level 15 of the Dungeon
 20788 | D:15     | Found a staircase to the Depths.
 21348 | D:15     | Identified a +4 broad axe of holy wrath (a +2 broad axe blessed by the Shining One)
 21348 | D:15     | Received a gift from the Shining One
 21475 | D:15     | almost fumbled it
 21478 | D:15     | fucking hydras
 22025 | D:15     | okay, anyway
 22025 | D:15     | that was the easy part
 22026 | Depths:1 | Entered Level 1 of the Depths
 22287 | Depths:1 | Reached skill level 10 in Armour
 22287 | Depths:1 | Reached skill level 15 in Fighting
 22691 | D:15     | Reached XP level 15. HP: 110/141 MP: 22/24
 22700 | D:15     | Reached skill level 12 in Shields
 22713 | Depths:1 | Reached skill level 13 in Invocations
 22725 | Depths:1 | Gained mutation: You are clumsy. (Dex -2) [a neqoxec]
 22931 | Depths:1 | i'll miss bazaar
 22931 | Depths:1 | but not that much of a loss with my great amount of gold
 23402 | D:15     | i'm parking iron trolls btw
 23466 | Depths:1 | Found a one-way gate leading to the halls of Pandemonium.
 23796 | Depths:1 | Reached skill level 14 in Invocations
 23934 | Depths:1 | Found a gateway to Hell.
 24987 | Depths:1 | Reached skill level 5 in Dodging
 25419 | Depths:1 | Noticed an iron dragon
 25421 | Depths:1 | Noticed an iron dragon
 25425 | Depths:1 | Noticed an iron dragon
 25443 | Depths:1 | Killed an iron dragon
 25686 | Depths:1 | Noticed an iron dragon
 25696 | Depths:1 | nope
 25975 | Depths:2 | Noticed a sphinx
 25992 | Depths:1 | Killed a sphinx
 25992 | Depths:1 | Reached skill level 15 in Invocations
 25998 | Depths:2 | HP: 22/141 [cyan very ugly thing (25)]
 26418 | Depths:2 | depths sure don't fuck around
 26421 | Depths:2 | Reached skill level 13 in Shields
 26884 | Depths:2 | Reached skill level 16 in Invocations
 27397 | Depths:2 | Reached XP level 16. HP: 112/149 MP: 28/28
 27754 | Depths:2 | Reached skill level 17 in Invocations
 28678 | Depths:2 | Reached skill level 18 in Invocations
 29198 | Depths:2 | Noticed a storm dragon
 29199 | Depths:2 | P A N I C
 29212 | Depths:2 | Killed a storm dragon
 29215 | Depths:2 | You pass out from exhaustion.
 29264 | Depths:2 | that was dumb btw
 30129 | Depths:3 | You pass out from exhaustion.
 30398 | Depths:3 | Noticed a golden dragon
 30399 | Depths:3 | oh god
 30412 | Depths:3 | Killed a golden dragon
 30417 | Depths:3 | Noticed a sphinx
 30417 | Depths:3 | HP: 25/149 [spriggan air mage/the air (17)]
 30418 | Depths:3 | Noticed a lich
 30419 | Depths:3 | HP: 1/149 [sphinx/divine providence (12)]
 30419 | Depths:3 | Killed from afar by a deep troll earth mage

Skill      XL: |  1  2  3  4  5  6  7  8  9 10 11 12 13 14 15 16 |
---------------+-------------------------------------------------+-----
Axes           | 3 4 5 6 7 8 9 11 12 14 15 18 | 18.0
Fighting       | 4 6 7 10 11 12 13 15 | 15.4
Shields        | 5 6 9 10 11 13 | 13.4
Armour         | 4 6 8 10 | 10.7
Dodging        | 2 4 5 |  5.8
Invocations    | 3 4 12 16 18 | 18.9

Action                   |  1- 3 |  4- 6 |  7- 9 | 10-12 | 13-15 | 16-18 || total
-------------------------+-------+-------+-------+-------+-------+-------++-------
Melee: War axe           |   147 |   336 |   389 |   561 |       |       ||  1433
       Broad axe         |       |       |       |   151 |   913 |   256 ||  1320
Throw: Javelin           |       |       |       |       |       |     2 ||     2
Invok: Divine Shield     |       |       |       |     3 |    15 |     5 ||    23
       Brand Weapon With |       |       |       |       |     1 |       ||     1
       Cleansing Flame   |       |       |       |       |     2 |       ||     2
       Summon Divine War |       |       |       |       |     1 |     1 ||     2
 Abil: Evoke Berserk Rag |       |       |       |     4 |     4 |     5 ||    13
Evoke: Wand              |       |       |       |     2 |     2 |     3 ||     7
  Use: Scroll            |       |     3 |       |    14 |    15 |     4 ||    36
       Potion            |       |       |     3 |     1 |     4 |     3 ||    11
  Eat: Chunk             |     1 |     9 |    11 |    19 |    26 |     6 ||    72
       Ration            |       |       |     1 |     3 |     5 |     2 ||    11
Armor: Scale mail        |    63 |   165 |   141 |   129 |    37 |       ||   535
       Skin              |       |       |     6 |       |       |       ||     6
       Acid dragon scale |       |       |       |       |   188 |    69 ||   257
Dodge: Dodged            |    54 |   112 |   117 |   144 |   260 |    75 ||   762
Block: Shield            |    78 |   199 |   201 |   285 |   559 |   112 ||  1434
